[Event "1st Serbian League 2022"]
[Site "Vrnjacka Banja"]
[Date "2022.09.24"]
[Round "5.1"]
[White "Ter-Sahakyan, Samvel"]
[Black "Indjic, Aleksandar"]
[Result "1-0"]
[ECO "B13"]
[WhiteElo "2630"]
[BlackElo "2628"]
[Annotator "TA"]
[PlyCount "111"]
[EventDate "2022.09.20"]
[EventType "team-tourn"]
[EventCountry "SRB"]
[SourceTitle "playchess.com"]
[Source "ChessBase"]
[SourceQuality "1"]
[TimeControl "40/5400+30:1800+30"]

1. e4 c6 2. d4 d5 3. exd5 cxd5 4. Bd3 Nc6 5. c3 e6 6. Nf3 {[%emt 0:02:48] B13: Caro-Kann: Exchange Variation and Panov-Botvinnik Attack.} Bd6 7. O-O Nge7 8. Re1 {[%emt 0:08:10] White is slightly better.} Qc7 9. b3 $5 {[%emt 0:03:01][%mdl 4] [#] An interesting side line.} Bd7 $146 ({Predecessor:} 9... b6 10. c4 Bb4 11. Re3 Bb7 12. a3 Bd6 13. Nc3 O-O-O 14. Nb5 Qd7 15. Nxd6+ Qxd6 {1-0 (44) Wei,Y (2732)-Zhao,J (2638) Xinghua 2020}) 10. c4 Bb4 {[%emt 0:23:44] Inhibits Nc3.} 11. Re2 a6 12. a3 Ba5 13. c5 {[%emt 0:10:10] Hoping for b4.} Qb8 14. h4 (14. Bc2 {keeps more tension.} O-O 15. Nc3 Bxc3 16. Qd3) 14... h6 15. b4 Bc7 16. Nc3 g5 ({Black should try} 16... O-O $14) 17. b5 $16 (17. hxg5 hxg5 18. g4 (18. Bxg5 $2 Bh2+ 19. Kf1 Bf4 $19) 18... f6 $17) 17... axb5 18. Nxb5 f6 19. Rb1 {[%emt 0:08:00] White is more active.} g4 20. Ne1 {[%emt 0:00:07] Threatens to win with Reb2.} g3 $2 {[%emt 0:02:24] A mistake that costs the game.} (20... h5 $16) 21. Reb2 $18 gxf2+ 22. Rxf2 Bh2+ 23. Kh1 f5 24. Rfb2 Bc8 $2 (24... b6 25. cxb6 Bf4) 25. Qh5+ Kd7 26. Nf3 Bf4 27. Qf7 Bxc1 28. Rxc1 {[%emt 0:00:14] Chess con chili.} Qf4 29. Rf1 (29. Re1 $142 Kd8 30. Nd6) 29... Kd8 (29... Qg3 $142 30. Qf6 Rg8 31. Qxh6 Rg6) 30. Nd6 Rxa3 $2 (30... Rg8 31. Nxc8 Rxc8 32. Qxe6 Rg6) 31. Nxc8 Kxc8 {[%emt 0:11:43] [#]} 32. Rfb1 $1 Ra7 (32... Qc7 33. Rxb7) 33. Qxe6+ Kc7 34. Bb5 {[%emt 0:00:06] Bxc6 would kill now.} Rh7 35. Bxc6 Nxc6 36. Qxd5 {[%emt 0:00:16] Black must now prevent Qg8.} Re7 37. Qb3 Re3 38. Qf7+ Re7 39. Qf6 {[%emt 0:00:45] Strongly threatening d5.} Rd7 40. d5 Rxd5 41. Qf7+ Rd7 {[%emt 0:00:12] [#]} 42. Rxb7+ $3 Rxb7 43. Rxb7+ Kxb7 44. Qxd7+ {[%emt 0:00:02][%mdl 4096] Endgame KQN-KQN} Qc7 45. Qxf5 Qe7 46. Kh2 Qg7 47. Kh3 Ka6 48. Qd3+ Ka5 49. Nd2 h5 $2 (49... Ne5 50. Qf5 Qe7 51. Qxe5 Qd7+ 52. Kh2 Qxd2) 50. Qa3+ Kb5 51. Qb3+ Nb4 52. Qc4+ Ka4 53. c6 {[%emt 0:01:36] Intending c7 and mate.} Qc7 54. Ne4 {[%emt 0:01:14] White wants to mate with Nc3+.} Ka5 55. Qc5+ Ka4 56. Nc3+ {[%emt 0:00:16] Weighted Error Value: White=0.63/Black=0.51} 1-0

[Event "1st Serbian League 2022"]
[Site "Vrnjacka Banja"]
[Date "2022.09.24"]
[Round "5.2"]
[White "Ivanisevic, Ivan"]
[Black "Stojanovic, Mihajlo"]
[Result "1-0"]
[ECO "D30"]
[WhiteElo "2547"]
[BlackElo "2494"]
[Annotator "TA"]
[PlyCount "55"]
[EventDate "2022.09.20"]
[EventType "team-tourn"]
[EventCountry "SRB"]
[SourceTitle "playchess.com"]
[Source "ChessBase"]
[SourceQuality "1"]
[TimeControl "40/5400+30:1800+30"]

1. d4 d5 2. c4 e6 3. Nf3 Nf6 4. Bg5 Nbd7 5. e3 c6 6. Nbd2 Be7 7. Bd3 h6 8. Bh4 {[%emt 0:00:21] D30: Queen's Gambit Declined: Systems without Nc3.} b6 9. cxd5 Nxd5 10. Bg3 {[%emt 0:00:00] White is slightly better.} O-O 11. a3 c5 12. O-O Bb7 13. Rc1 {[%emt 0:00:00] [#]} Rc8 $146 ({Predecessor:} 13... cxd4 14. Nxd4 Rc8 15. Qe2 Rxc1 16. Rxc1 Qa8 17. e4 N5f6 18. e5 Nd5 19. Qg4 Nc5 {½-½ (85) Hebden,M (2503)-Baburin,A (2552) England 2010}) 14. Nc4 cxd4 15. Nxd4 Nc5 16. Bb1 {[%emt 0:00:00] Black should prevent b4.} Ba6 (16... Nf6 $11 {was preferrable.}) 17. b4 Ne4 18. b5 Nxg3 ({Black should try} 18... Nec3 $1 $14 19. Qd3 Nxb1) 19. fxg3 $18 Nxe3 (19... Rxc4 $2 20. Rxc4 Bc8 21. Nc6 $18) 20. Nxe3 {[%emt 0:00:00] Qd3 is the strong threat.} ({Worse is} 20. Qd3 Nf5 21. Nxf5 Bc5+ 22. Nfe3 Qxd3 23. Bxd3 Rfd8 $15) 20... Rxc1 21. Qxc1 Qxd4 22. bxa6 $40 {[%emt 0:00:00][%mdl 128] White wants a kill.} Bc5 {[%emt 0:01:30] [#]} 23. Re1 ({Much less strong is} 23. Rf3 Rd8 $16) 23... Rd8 24. h4 ({Better is} 24. Kh1 $16) 24... Qa4 (24... g5 $1 $11 {remains equal.}) 25. Kh2 $16 Qxa6 $2 (25... Qxa3 $16 {is a better chance.} 26. Qxa3 Bxa3) 26. Qc2 $18 {[%emt 0:00:00] Threatening mate with Qh7+. White is clearly winning.} Qxa3 27. Qh7+ Kf8 {[%emt 0:00:03] [#]} 28. Nf5 $1 {[%emt 0:00:00][%mdl 512] Weighted Error Value: White=0.09 (flawless) /Black=0.50} 1-0

[Event "1st Serbian League 2022"]
[Site "Vrnjacka Banja"]
[Date "2022.09.24"]
[Round "5.4"]
[White "Miljkovic, Miroslav D"]
[Black "Ratkovic, Milovan"]
[Result "1/2-1/2"]
[ECO "D40"]
[WhiteElo "2456"]
[BlackElo "2411"]
[Annotator "TA"]
[PlyCount "33"]
[EventDate "2022.09.20"]
[EventType "team-tourn"]
[EventCountry "SRB"]
[SourceTitle "playchess.com"]
[Source "ChessBase"]
[SourceQuality "1"]
[TimeControl "40/5400+30:1800+30"]

1. d4 d5 2. c4 e6 3. e3 Nf6 4. Nf3 Be7 5. Nc3 O-O 6. Bd3 dxc4 7. Bxc4 a6 8. a4 c5 9. O-O cxd4 10. exd4 Nc6 11. Re1 Nb4 12. Bg5 Bd7 13. Ne5 Rc8 {[%emt 0:04:29] D40: Queen's Gambit Declined: Semi-Tarrasch with 5 e3.} 14. Qe2 Be8 15. Rad1 {[%emt 0:01:39] [#]} Qa5 $146 ({Predecessor:} 15... Nfd5 16. Nxd5 exd5 17. Bxe7 Qxe7 18. Bb3 a5 19. h3 Qd6 20. Qf3 Rc7 21. Rc1 Rxc1 {½-½ (21) Jedrzejowski,M (2502)-Morrow,W (2536) ICCF email 2017}) 16. Bb3 Bd8 17. Qf3 {[%emt 0:02:44] Black got outplayed after the opening.  Weighted Error Value: White=0.00 (flawless) /Black=0.19 (very precise)} 1/2-1/2

[Event "1st Serbian League 2022"]
[Site "Vrnjacka Banja"]
[Date "2022.09.24"]
[Round "5.5"]
[White "Ratkovic, Miloje"]
[Black "Kosic, Dragan"]
[Result "1/2-1/2"]
[ECO "E11"]
[WhiteElo "2498"]
[BlackElo "2399"]
[Annotator "TA"]
[PlyCount "73"]
[EventDate "2022.09.20"]
[EventType "team-tourn"]
[EventCountry "SRB"]
[SourceTitle "playchess.com"]
[Source "ChessBase"]
[SourceQuality "1"]
[TimeControl "40/5400+30:1800+30"]

1. d4 e6 2. c4 Bb4+ 3. Bd2 Qe7 4. Nf3 Nf6 5. e3 b6 6. Bd3 Bb7 7. O-O Bxd2 {[%emt 0:00:22] E11: Bogo-Indian.} 8. Nfxd2 c5 9. Nc3 {[%emt 0:02:53][%cal Od4d5] [#]} Nc6 $146 ({Predecessor:} 9... O-O 10. dxc5 bxc5 11. e4 Qd6 12. Nf3 Qf4 13. Re1 Nc6 14. e5 Nd4 15. Nxd4 cxd4 16. exf6 dxc3 17. fxg7 Kxg7 18. bxc3 {0-1 (28) Strobel,N (1986)-Gross,T (2163) Berlin 2010}) 10. dxc5 bxc5 11. Nde4 Nxe4 12. Bxe4 O-O (12... f5 $5 13. Bf3 O-O $11) 13. Qa4 f5 14. Bf3 Rab8 15. Rad1 f4 16. Nb5 $2 {[%emt 0:25:21] [#]} (16. Qc2 $11 {and White is okay.}) 16... fxe3 (16... d5 $1 $19 {Hoping for ...Ne5.} 17. Be2 (17. cxd5 $2 Ne5 $19) 17... fxe3 18. fxe3 d4) 17. fxe3 $15 Qg5 (17... d5 $15 18. cxd5 Ne5 19. Qxa7 Ra8) 18. Qa3 $1 $11 Nb4 19. Bxb7 {[%emt 0:00:16] Rxf8+ is the strong threat.} Rxf1+ 20. Rxf1 {[%emt 0:00:11] Strongly threatening Be4.} Rxb7 21. Nd6 ({Don't go for} 21. Nxa7 $2 Nc2 22. h4 (22. Qa6 $2 Qxe3+ 23. Kh1 Qd3 $19) 22... Qxe3+ 23. Qxe3 Nxe3 $19) 21... Rc7 (21... Nc2 $5 22. Qa5 (22. Qa6 Qxe3+ 23. Kh1 Qd3 $17) 22... Rxb2 $11) 22. Qc3 {[%emt 0:08:35] Inhibits Nc2.} Nc6 23. Qd2 h6 24. h3 (24. Nf7 $5 Qh5 25. Qd6 $16) 24... a6 {[%emt 0:01:42] [#]} (24... Ne5 $11) 25. Qf2 {[%emt 0:01:00] White is more active.} (25. Nf7 $1 $16 Qh5 26. Qd6) 25... Ne5 (25... Kh7 $1 $14) 26. Qf8+ ({Better is} 26. Ne4 $16 Qe7 27. b3) 26... Kh7 27. Ne8 {[%emt 0:01:28] Really sharp!} Rb7 28. b3 Qxe3+ 29. Kh1 d5 30. cxd5 exd5 (30... Ng6 $17 31. Qd6 Qe2) 31. Qf5+ {[%emt 0:00:14] The position is equal.} Ng6 $1 32. Qxd5 Re7 33. Nd6 Qe2 34. Qc4 ({But not} 34. Qf5 $2 Re6 35. Qf2 Qxf2 36. Rxf2 Rxd6 $19) 34... Qxc4 35. Nxc4 Re2 36. a4 Ne5 37. Nxe5 {[%emt 0:00:42] Weighted Error Value: White=0.30/Black=0.26 (precise)} 1/2-1/2

[Event "1st Serbian League 2022"]
[Site "Vrnjacka Banja"]
[Date "2022.09.24"]
[Round "5.6"]
[White "Laketic, Gojko"]
[Black "Dimic, Pavle"]
[Result "1/2-1/2"]
[ECO "E92"]
[WhiteElo "2255"]
[BlackElo "2352"]
[Annotator "TA"]
[PlyCount "107"]
[EventDate "2022.09.20"]
[EventType "team-tourn"]
[EventCountry "SRB"]
[SourceTitle "playchess.com"]
[Source "ChessBase"]
[SourceQuality "1"]
[TimeControl "40/5400+30:1800+30"]

1. d4 Nf6 2. c4 g6 3. Nc3 Bg7 4. e4 d6 5. Be2 O-O 6. Nf3 e5 7. d5 a5 8. Bg5 h6 9. Bh4 Na6 10. Nd2 Bd7 11. O-O Qe8 12. Rb1 Nh7 13. b3 h5 14. f3 Bh6 15. a3 Be3+ 16. Kh1 Bc5 17. Qc1 f5 18. Bf2 {[%emt 0:06:55] E92: King's Indian: Classical: 6 Be2 e5: 7 dxe5, 7 Be3 and Petrosian System without 7...Nbd7.} (18. exf5 {feels hotter.} gxf5 19. Na2 Qg6 20. b4) 18... f4 (18... Bxf2 $11 19. Rxf2 f4) 19. Bxc5 $14 {[%emt 0:01:05] [#]} dxc5 $146 ({Predecessor:} 19... Nxc5 20. Nb5 Na6 21. b4 axb4 22. axb4 g5 23. Na3 Qe7 24. c5 g4 25. Bxa6 g3 {½-½ (40) Schuetz,T (2285)-Visser,D Germany 1986}) 20. Nd1 {[%emt 0:12:27] White is slightly better.} Qe7 21. Nf2 g5 (21... b6 $14) 22. Qc3 $16 b6 23. Rfe1 ({Better is} 23. g3 $1 $16) 23... Rae8 24. Rg1 Rf7 25. g3 fxg3 (25... Rg7 $1 $14) 26. Rxg3 ({But not} 26. hxg3 $6 Rg7 $16) 26... Kh8 27. Nd3 {[%emt 0:05:01][%cal Of3f4] Black must now prevent f4!} Rg7 28. Rbg1 {[%emt 0:09:46][%cal Of3f4] f4! is the strong threat.} h4 29. R3g2 Bh3 30. Rf2 Bc8 31. Nf1 {[%emt 0:00:36] White is more active.} Nf6 (31... Kg8 $16) 32. Nd2 $2 (32. Rfg2 $1 $18 ) 32... Nh5 (32... Nh7 $1 $11) 33. Nf1 $2 (33. f4 $1 $16 Nxf4 34. Nxf4 exf4 35. Bh5) 33... Nf4 $11 34. Nxf4 gxf4 35. Rxg7 Qxg7 36. Rg2 Qf6 37. Nd2 Rg8 38. Rxg8+ Kxg8 39. Qa1 Kf7 40. Qg1 h3 41. Qf2 Qg5 42. Nb1 Nb8 43. Bf1 Qh5 44. Nc3 Bd7 45. Be2 Qg5 46. Qf1 Qh4 47. Bd3 Na6 48. Kg1 Nb8 49. Qf2 Qg5+ {[%emt 0:00:04] [#]} 50. Kf1 $1 Na6 51. Ke1 Nb8 52. Bf1 Na6 53. Ne2 Nb8 {[%emt 0:00:29] [#]} 54. Nc3 {[%emt 0:00:04] Black defended with fortune.  Weighted Error Value: White=0.15 (very precise) /Black=0.18 (very precise)} (54. Nc1 $1 $16) 1/2-1/2

[Event "1st Serbian League 2022"]
[Site "Vrnjacka Banja"]
[Date "2022.09.24"]
[Round "5.7"]
[White "Demchenko, Anton"]
[Black "Ioannidis, Evgenios"]
[Result "1/2-1/2"]
[ECO "C50"]
[WhiteElo "2645"]
[BlackElo "2486"]
[Annotator "TA"]
[PlyCount "60"]
[EventDate "2022.09.20"]
[EventType "team-tourn"]
[EventCountry "SRB"]
[SourceTitle "playchess.com"]
[Source "ChessBase"]
[SourceQuality "1"]
[TimeControl "40/5400+30:1800+30"]

1. e4 e5 2. Nf3 Nc6 3. Bc4 Bc5 4. d3 Nf6 5. Nc3 h6 6. h3 d6 7. Na4 Bb6 {[%emt 0:00:17] C50: Hungarian Defence and Giuoco Pianissimo.} 8. c3 {[%emt 0:01:40] Recently 8.a3 got a lot of attention.} Ne7 {[%emt 0:02:05] [#]} 9. Nxb6 $146 ({Predecessor:} 9. O-O Ng6 10. Re1 Qe7 11. d4 O-O 12. Bd3 Bd7 13. Nxb6 axb6 14. Bd2 Kh7 15. b3 {0-1 (45) Demchenko,A (2654)-Shyam,N (2442) Chess.com INT 2022}) 9... axb6 {[%emt 0:00:07] The position is equal.} 10. a4 Ng6 11. O-O O-O 12. Re1 Be6 13. Bxe6 fxe6 14. b4 b5 15. a5 b6 16. Be3 (16. Qb3 $5 ) 16... bxa5 17. bxa5 c5 18. Qb3 Qd7 19. a6 (19. Reb1 $5 ) 19... Rfb8 20. Ra5 Ne7 21. Rea1 Ne8 22. Nh2 Nc7 23. Ng4 Kh8 24. R5a2 Nc6 25. Qd1 (25. a7 $11 Rb7 26. Qb1) 25... b4 $1 $15 {[%emt 0:00:30] [#] aiming for ...Nb5.} 26. a7 Rb7 {[%emt 0:00:30] ...Nb5 is the strong threat.} 27. cxb4 Nxb4 28. Ra4 Nb5 {[%emt 0:00:30] Hoping for ...Nc3. Pair of Knights!} 29. Qd2 {Inhibits Nc3.} h5 ({Much worse is} 29... Rbxa7 $6 30. Rxa7 Rxa7 31. Rxa7 Nxa7 32. Bxh6 $11) ({Black should try} 29... Kh7 $17) 30. Nh2 $1 ({But not} 30. Bxc5 dxc5 31. Nxe5 Qe8 $17) 30... Nc7 {[%emt 0:00:30] Weighted Error Value: White=0.08 (flawless) /Black=0.08 (flawless)} 1/2-1/2

[Event "1st Serbian League 2022"]
[Site "Vrnjacka Banja"]
[Date "2022.09.24"]
[Round "5.8"]
[White "Damljanovic, Branko"]
[Black "Atalik, Suat"]
[Result "1/2-1/2"]
[ECO "A01"]
[WhiteElo "2436"]
[BlackElo "2436"]
[Annotator "TA"]
[PlyCount "84"]
[EventDate "2022.09.20"]
[EventType "team-tourn"]
[EventCountry "SRB"]
[SourceTitle "playchess.com"]
[Source "ChessBase"]
[SourceQuality "1"]
[TimeControl "40/5400+30:1800+30"]

1. b3 c5 2. Bb2 Nc6 3. e3 e6 4. f4 b6 5. Nf3 Nf6 6. g3 {[%emt 0:00:11] A01: Nimzowitsch-Larsen Opening.} d5 7. Bg2 Ba6 {[%emt 0:03:36] [#]} 8. a4 $146 ({Predecessor:} 8. d3 Ng4 9. Qd2 Nb4 10. a3 Nc6 11. h3 Nf6 12. c4 Na5 13. Qc2 Bb7 14. O-O {0-1 (35) Yanqui,F (1884)-Silva,J Cuenca 2006}) 8... Be7 9. Na3 O-O 10. Nb5 Bb7 (10... Ng4 {is more complex.} 11. O-O Bb7 12. Qe2 a6) 11. O-O a6 12. Na3 Ne4 13. Ne5 Nxe5 14. fxe5 {[%emt 0:06:06] [#] aiming for d3.} f5 15. exf6 Bxf6 16. Bxf6 Nxf6 17. Qe2 Qc7 18. d3 Rad8 19. Rae1 Bc6 20. d4 Qb7 21. c3 Rfe8 22. Qb2 e5 23. Nc2 a5 24. Na3 Re7 25. Re2 (25. c4 {is interesting.} exd4 26. exd4 h6 27. cxd5 Nxd5 28. Nc4) 25... exd4 (25... Qc7 {with more complications.} 26. Qd2 Qd6 27. Nb5 Bxb5 28. axb5 Qd7) 26. exd4 {[%emt 0:00:31] The position is equal.} (26. cxd4 {feels hotter.} Qd7 27. dxc5 bxc5 28. Qc2) 26... cxd4 27. cxd4 Rxe2 28. Qxe2 {[%emt 0:00:15] [#] Black must now prevent Qe6+.} Re8 {[%emt 0:00:05] Prevents Qe6+.} 29. Qd2 Qe7 30. Nc2 Qe2 31. Qc3 Qe6 32. Re1 Qd7 33. Rxe8+ Qxe8 34. Ne3 g6 35. Bf3 Kg7 36. Ng2 h6 (36... Ne4 $2 37. Bxe4 Qxe4 38. Qxc6 $18) 37. Kf2 Qe6 38. Nf4 Qd6 39. Qe3 g5 $1 40. Nh5+ Nxh5 41. Bxh5 Qf6+ 42. Ke1 b5 {[%emt 0:04:16] Weighted Error Value: White=0.05 (flawless) /Black=0.05 (flawless)} 1/2-1/2

[Event "1st Serbian League 2022"]
[Site "Vrnjacka Banja"]
[Date "2022.09.24"]
[Round "5.9"]
[White "Vucinic, Gojko"]
[Black "Tadic, Branko"]
[Result "0-1"]
[ECO "B32"]
[WhiteElo "2380"]
[BlackElo "2455"]
[Annotator "TA"]
[PlyCount "80"]
[EventDate "2022.09.20"]
[EventType "team-tourn"]
[EventCountry "SRB"]
[SourceTitle "playchess.com"]
[Source "ChessBase"]
[SourceQuality "1"]
[TimeControl "40/5400+30:1800+30"]

1. e4 c5 2. Nf3 Nc6 3. d4 cxd4 4. Nxd4 e5 5. Nb5 d6 6. c4 Be6 $1 {[%emt 0:02:24][%mdl 4] is now more promising than 6...Be7.} 7. N1c3 a6 8. Na3 g6 {[%emt 0:01:03] B32: Sicilian: Löwenthal and Kalashnikov Variations.} 9. Be3 Bg7 10. Qd2 Nf6 {[%emt 0:01:48][%cal Oc6d4] The position is equal.} 11. Be2 O-O 12. O-O Rc8 13. Rfd1 Nd4 $1 {[%emt 0:02:51][%cal Ob7b5] [#]} 14. Rac1 $146 (14. Bxd4 exd4 15. Qxd4 Nd5 $1 $17) ({Predecessor:} 14. f3 Qa5 15. Bf1 Nd7 16. Ne2 Qxd2 17. Rxd2 Nc6 18. b3 {0-1 (89) Salemgareev,T (2480)-Grachev,A (2302) Cheliabinsk 2021}) 14... Ng4 15. Bxg4 Bxg4 16. Rf1 ({White should play} 16. Re1 $11) 16... Bf3 $15 17. Rfe1 $2 (17. Qd3 $1 $11 Qh4 18. Bxd4 exd4 19. Qxf3 dxc3 20. b3 (20. g3 Qe7 $17)) 17... Qh4 $1 $19 {[%emt 0:21:29] ( -> ...Qg4)} 18. h3 {[%emt 0:00:17] Prevents Qg4.} (18. Bxd4 $2 Qg4 19. Qg5 Qxg5 $19) 18... f5 $1 {[%emt 0:00:24][%cal Of5f4] Threatens to win with ...f4!} 19. Nc2 {[%emt 0:11:15][%cal Rc2d4] [#]} Bxg2 $1 20. Kxg2 f4 $1 21. Bxf4 (21. Bxd4 $2 f3+ 22. Kh2 exd4 $19) (21. Nxd4 $2 fxe3 22. Nf3 exd2 $19) (21. Rf1 $142) 21... Rxf4 (21... Qxf4 22. Qxf4 exf4 23. Nxd4 Bxd4 24. b3 $11) 22. Nxd4 {[%emt 0:00:04] Black must now prevent Ne6.} Rcf8 ({Inferior is} 22... exd4 23. Nd5 Be5 24. Nxf4 Bxf4 25. Qd1 Bxc1 26. Qxc1 $17) (22... Bh6 $1 $19 {and Black stays clearly on top.} 23. Nf3 (23. Ne6 $2 Rg4+ 24. Kf3 Bxd2 $19) 23... Rxf3 $1 24. Qd5+ Kh8 25. Kxf3 Rf8+ 26. Ke2 Bxc1) 23. Nf5 $17 gxf5 {[%emt 0:00:15] Chess con chili.} 24. Rc2 {[%emt 0:01:44] [#]} fxe4 {[%emt 0:00:51] Black is more active.} (24... Kh8 $1 $17 25. Qd3 (25. Nd5 $2 fxe4 26. Nxf4 exf4 $19) 25... Bh6) 25. Nxe4 Kh8 26. Qd5 Rf3 27. Ng3 Qf6 28. Ree2 b6 29. b4 $1 Rf4 30. Rcd2 Rd4 31. Rxd4 exd4 32. a4 Qg6 33. Re6 Qf7 34. Re2 Qxd5+ 35. cxd5 $11 {[%emt 0:00:04][%mdl 4096] Endgame KRB-KRN} Rc8 36. f4 $2 (36. Nf5 $11 {and White is okay.}) 36... d3 $19 37. Rd2 (37. Re1 d2 38. Rd1) 37... Rc2 {[%emt 0:00:06] Black is clearly winning.} 38. Nf1 Bc3 39. Rf2 Bd4 (39... Be1 $142 40. Nd2 Bxd2) 40. Rd2 {[%emt 0:00:38] [#]} Be3 $1 {[%emt 0:00:24][%mdl 512] Weighted Error Value: White=0.66/Black=0.25 (precise)} 0-1

[Event "1st Serbian League 2022"]
[Site "Vrnjacka Banja"]
[Date "2022.09.24"]
[Round "5.10"]
[White "Nikolovski, Nikola"]
[Black "Saric, Sinisa"]
[Result "1/2-1/2"]
[ECO "B01"]
[WhiteElo "2359"]
[BlackElo "2372"]
[Annotator "TA"]
[PlyCount "58"]
[EventDate "2022.09.20"]
[EventType "team-tourn"]
[EventCountry "SRB"]
[SourceTitle "playchess.com"]
[Source "ChessBase"]
[SourceQuality "1"]
[TimeControl "40/5400+30:1800+30"]

1. e4 d5 2. exd5 Qxd5 3. Nc3 Qd6 4. d4 Nf6 5. Nf3 c6 6. Ne5 Be6 {[%emt 0:00:18] B01: Scandinavian Defence.} 7. Bf4 Qd8 8. Qf3 {[%emt 0:20:20] [#]} (8. a4 $14) 8... Nbd7 $146 ({Black should play} 8... Qxd4 $15 9. Rd1 Qc5) ({Predecessor:} 8... Qxd4 9. Bd3 Nbd7 10. Nxc6 bxc6 11. Nb5 Bd5 12. Nxd4 Bxf3 13. Nxf3 e6 14. O-O-O Nd5 {½-½ (30) Petrosian,D (2399)-Tiviakov,S (2590) Yerevan 2016}) 9. Bd3 g6 10. O-O Bg7 11. Rad1 O-O 12. Qe3 Qc8 13. h3 Rd8 14. Be2 Nb6 15. Bh6 Bf5 (15... Bxh6 $11 {was preferrable.} 16. Qxh6 c5) 16. Bxg7 $1 $14 Kxg7 17. g4 Be6 18. f4 {[%emt 0:00:07][%cal Of4f5] White is more active.} Nbd5 19. Nxd5 Nxd5 20. Qf2 {[%emt 0:02:24] [#] Threatens to win with c4.} f6 21. Nd3 ({Much weaker is} 21. f5 fxe5 22. fxe6 Qxe6 $15) 21... Bf7 22. Rfe1 a5 23. a3 Qc7 24. Bf1 Re8 25. Re2 Rad8 26. Rde1 Nb6 (26... Qd6 $14) 27. Nc5 (27. g5 $16) 27... Nd5 28. Nd3 (28. g5 $5 ) 28... Nb6 $1 29. Nc5 Nd5 $1 {[%emt 0:00:35] Weighted Error Value: White=0.23 (precise) /Black=0.16 (very precise)} 1/2-1/2

[Event "1st Serbian League 2022"]
[Site "Vrnjacka Banja"]
[Date "2022.09.24"]
[Round "5.11"]
[White "Milosevic, Milos"]
[Black "Milenkovic, Mladen"]
[Result "1/2-1/2"]
[ECO "B75"]
[WhiteElo "2379"]
[BlackElo "2379"]
[Annotator "TA"]
[PlyCount "87"]
[EventDate "2022.09.20"]
[EventType "team-tourn"]
[EventCountry "SRB"]
[SourceTitle "playchess.com"]
[Source "ChessBase"]
[SourceQuality "1"]
[TimeControl "40/5400+30:1800+30"]

1. e4 c5 2. Nf3 d6 3. d4 cxd4 4. Nxd4 Nf6 5. Nc3 g6 6. Be3 a6 7. f3 Nbd7 8. Qd2 b5 9. a4 bxa4 10. Rxa4 Bb7 11. Be2 Bg7 12. O-O {[%emt 0:00:18] B75: Sicilian Dragon: Yugoslav Attack, Miscellaneous.} O-O 13. Nb3 $1 Qc7 {[%emt 0:07:10][%cal Od6d5] [#]} 14. Na5 $146 {[%emt 0:01:26] White is better.} ({Predecessor:} 14. Rc4 Qb8 15. Ra1 Rc8 16. Rb4 Nc5 17. Na5 Rc7 18. e5 Ne8 19. Nd5 {1-0 (19) Boys,K (2125)-Kohler,H (1737) IECC email 2017}) 14... Rfb8 15. Rfa1 Nb6 {[%emt 0:02:04] Against Rc4} 16. Rb4 Bc8 17. f4 e6 18. Bf3 {[%emt 0:05:50][%cal Oe4e5] aiming for e5!} e5 (18... d5 $16 {was called for.}) 19. Qf2 $18 Nfd7 20. f5 Bf8 $2 (20... Nc5 21. Nb3 a5 22. Nxa5 Bd7) 21. Rb3 (21. fxg6 $142 hxg6 22. Rf1) 21... Nc5 $2 {[%emt 0:00:51] [#]} (21... Bg7 22. g4 Nc5) 22. Rba3 (22. Rxb6 $142 $1 Qxb6 (22... Rxb6 23. Nd5) 23. Nd5 Qxb2 24. Rf1) 22... d5 $2 (22... Bd7 23. Bg4 (23. b4 Nca4 $16) 23... Bg7) 23. exd5 Bxf5 24. Nc6 e4 25. Bxc5 exf3 {[%emt 0:00:44] [#]} 26. Bxf8 $1 {[%emt 0:00:06] The board is on fire.} (26. Rxa6 $6 Rxa6 27. Rxa6 Bxc5 28. Qxc5 Qf4 $16) (26. gxf3 Nxd5 27. Bxf8 Qxc6 $11) 26... Rxf8 27. Qxf3 ({Resist} 27. Rxa6 $6 Rxa6 28. Rxa6 Nc8) (27. Qc5 $18 {has better winning chances. Ne7+ is the strong threat.} Nc8 28. Nb5 (28. Rxa6 Rxa6 29. Rxa6 fxg2 $14) (28. gxf3 Re8 $16)) 27... Bxc2 $2 (27... Rfe8 $16 {was necessary.}) 28. Rxa6 Rxa6 29. Rxa6 Nc8 30. Qe2 {[%emt 0:02:13] Against Re8} Bf5 (30... Bb3 31. g3 Qd7) 31. b4 (31. g4 $142) 31... Bd7 (31... Qf4) 32. Qe5 Qb7 {[%emt 0:00:40] [#]} (32... Qxe5 $142 33. Nxe5 Bf5) 33. b5 (33. Ne4 $142 $1 Bxc6 (33... Qxa6 34. Nf6+) 34. Nf6+ Kh8 35. Rxc6 Qa7+ 36. Kh1) 33... Re8 {[%emt 0:00:09] Against Ne7+} 34. Qd4 Bxc6 $2 (34... Nd6 35. Qc5 Nc8) 35. dxc6 Qe7 36. h3 $2 (36. Ra1 $18 Nb6 37. Qxb6) 36... Nd6 $2 (36... Qe1+ $11 37. Kh2 Re3) 37. Nd5 Qe1+ 38. Kh2 {[%emt 0:00:04] White wants to mate with Nf6+.} Nf5 $2 (38... Nxb5 39. Nf6+ Kh8) 39. Nf6+ $2 (39. Qc3 $18 Qxc3 40. Nxc3) 39... Kh8 $11 {[%emt 0:00:07] ( -> ...Qg3+). The position is equal.} 40. Qf4 {[%emt 0:01:08] Prevents Qg3+. Active counter play!} Ne3 $1 {[%emt 0:00:01] Hoping for ...Nf1+.} 41. Ra1 Qxa1 42. Nxe8 Nf1+ 43. Kg1 Nd2+ $1 44. Kh2 {[%emt 0:02:24] Weighted Error Value: White=0.88/Black=0.67} 1/2-1/2